 Dungeon Crawl Stone Soup version 0.27-a0-1144-g0b7d3b79db (webtiles) character file.

Game seed: 10324988949345515205

5197 bilbop the Thaumaturge (level 10, -16/72 HPs)
             Began as a Djinni Air Elementalist on May 10, 2021.
             Was an Elder of Yredelemnul.
             Splashed by an acid dragon's acid (17 damage)
             ... on level 10 of the Dungeon.
             The game lasted 01:12:01 (14136 turns).

bilbop the Thaumaturge (Djinni Air Elementalist)   Turns: 14136, Time: 01:12:02

Health: -16/72     AC:  5    Str:  7    XL:     10   Next: 60%
Gold:   288        EV: 11    Int: 19    God:    Yredelemnul [****..] SH:  0 Dex: 15

rFire    + + .     SeeInvis +   b - +10 dagger of the Jolly Xeniums {vorpal, Fly rPois rC+ SInv}
rCold    . . .     Faith    .   (no shield)
rNeg     + . .     Spirit   .   F - +1 leather armour of Vicu {rElec Stlth+}
rPois    ∞         Reflect  .   w - +0 helmet
rElec    +         Harm     .   (no cloak)
rCorr    .         Rampage  .   (no gloves)
Will     +....                  (boots unavailable)
Stlth    ++++......             (no amulet)
HPRegen  0.22/turn              n - ring of positive energy
MPRegen  0.00/turn              A - ring of wizardry

@: flying
A: sickness immunity, fire resistance 2, cold vulnerability 1, float, innate
caster, hp casting, extra vitality 1
a: Renounce Religion, Recall Undead Slaves, Injury Mirror, Animate Dead, Drain
Life


You were on level 10 of the Dungeon.
You worshipped Yredelemnul.
Yredelemnul was greatly pleased with you.
You visited 1 branch of the dungeon, and saw 10 of its levels.
You also visited: Sewer.

You collected 489 gold pieces.
You spent 201 gold pieces at shops.

Inventory:

Hand Weapons
 a - a +1 vampiric long sword
 b - the +10 dagger of the Jolly Xeniums (weapon) {vorpal, Fly rPois rC+ SInv}
   (You found it on level 5 of the Dungeon)

   It inflicts extra damage upon your enemies.
   It protects you from cold.
   It protects you from poison.
   It lets you see invisible.
   It grants you flight.
Missiles
 y - a curare-tipped dart
Armour
 k - a +0 leather armour
 w - a +0 helmet (worn)
 x - +0 steam dragon scales
 F - the +1 leather armour of Vicu (worn) {rElec Stlth+}
   (You found it on level 9 of the Dungeon)

   It insulates you from electricity.
   It makes you more stealthy.
 H - a +2 kite shield
Jewellery
 g - a ring of fire
 n - a ring of positive energy (left hand)
 A - a ring of wizardry (right hand)
 C - a ring of resist corrosion
 D - a +6 ring of dexterity
 I - a +6 ring of strength
Wands
 m - a wand of polymorph (17)
 B - a wand of flame (15)
Scrolls
 c - 6 scrolls of teleportation
 f - a scroll of acquirement {unknown}
 h - 3 scrolls of silence
 j - 2 scrolls of fog
 l - a scroll of amnesia {unknown}
 p - a scroll of holy word {unknown}
 q - 2 scrolls of fear
 r - 2 scrolls of magic mapping
 t - a scroll of enchant weapon {unknown}
 z - a scroll of vulnerability {unknown}
 G - a scroll of brand weapon {unknown}
Potions
 d - a potion of ambrosia {unknown}
 e - 2 potions of degeneration {unknown}
 i - 4 potions of brilliance {unknown}
 o - 6 potions of curing
 s - 3 potions of haste {unknown}
 u - 2 potions of invisibility {unknown}
 v - 4 potions of heal wounds {unknown}
 E - 2 potions of flight {unknown}


   Skills:
 + Level 6.1 Fighting
 + Level 5.5 Long Blades
 - Level 2.1 Dodging
 + Level 5.9 Stealth
 + Level 1.6 Shields
 * Level 8.0 Spellcasting
 + Level 5.8 Invocations


You had 2 spell levels left.
You knew the following spells:

 Your Spells              Type           Power      Damage    Failure   Level
a - Shock                 Conj/Air       100%       1d9       1%          1
b - Static Discharge      Conj/Air       38%        N/A       1%          2
c - Swiftness             Air            38%        N/A       1%          3
d - Airstrike             Air            19%        N/A       1%          4
e - Lightning Bolt        Conj/Air       19%        1d33      6%          5
f - Sting                 Tmut/Pois      100%       1d8       1%          1
g - Call Imp              Summ           38%        N/A       1%          2
h - Corpse Rot            Necr/Air       N/A        N/A       1%          2
i - Frozen Ramparts       Ice            76%        1d9       1%          3
Your spell library was empty.

Dungeon Overview and Level Annotations

Branches:
Dungeon (10/15)            Temple (0/1) D:5             Orc (0/2) D:9
  Sewer (visited)
   Lair: D:8-11

Altars:
Cheibriados
Fedhas
Gozag
Makhleb
Nemelex Xobeh
Okawaru
Ru
Sif Muna
Vehumet
Wu Jian
Yredelemnul

Shops:
D:2 (   D:4 *((=

Annotations:
D:4 1 transporter, DemonSlayer's ghost, amateur HuBe
D:5 2 transporters, bande's ghost, novice GrFi


Innate Abilities, Weirdness & Mutations

You are immune to sickness and miasma.
You are immune to poison.
Your flesh is very heat resistant. (rF++)
You are vulnerable to cold. (rC-)
You float through the air rather than walking.
You learn spells naturally, not from books.
Your magical power is your life essence.
You have superior vitality. (+4 HP)


Message History

The hornet is lightly wounded.
The kobold brigand is struck by an arc of lightning.
The kobold brigand is heavily wounded.
The lightning grounds out.
The kobold is struck by an arc of lightning!
You kill the kobold!
Yredelemnul accepts your kill.
The kobold brigand is struck by an arc of lightning.
The kobold brigand is severely wounded.
The hornet is struck by an arc of lightning!
The hornet is moderately wounded.
The acid dragon is struck by an arc of lightning.
The acid dragon is almost dead.
The lightning grounds out.
The kobold brigand hits you with a +0 dagger.
The kobold misses you. The hornet stings you.
Casting: Static Discharge (safe; 1% risk of failure)
Confirm with . or Enter, or press ? or * to list all spells.
The kobold is struck by an arc of lightning!
You kill the kobold!
Yredelemnul accepts your kill.
The lightning grounds out.
The kobold brigand hits you with a +0 dagger!
The kobold hits you with a +2 whip of holy wrath!
* * * LOW HITPOINT WARNING * * *
The hornet barely misses you. The acid dragon barely misses you.
The acid dragon claws you.
* * * LOW HITPOINT WARNING * * *
The hornet stings you!
* * * LOW HITPOINT WARNING * * *
The kobold brigand hits you with a +0 dagger.
* * * LOW HITPOINT WARNING * * *
The kobold hits you but does no damage. The hornet stings you.
* * * LOW HITPOINT WARNING * * *
The acid dragon spits acid at you. The splash of acid hits you!
* * * LOW HITPOINT WARNING * * *
You are splashed with acid!
You die...
Your body rises from the dead as a mindless zombie.

............#
..........$..#
.....∩.......#
.............###
................
....z...........
................
......y.<.......
......K@........
......DK).......
.....W..........
.............###
........)....#
.............#
.............#
..#####......#


You could see a hornet, an acid dragon (catching breath), a kobold brigand, a
shadow, a wight and a kobold.

Vanquished Creatures
  Pikel (D:8)
  2 hornets
  2 wyverns
  4 yaks (D:9)
  3 steam dragons
  3 water moccasins
  A black bear (D:7)
  An ice beast (D:7)
  2 ogres
  5 centaurs
  A kobold brigand (D:9)
  3 scorpions
  2 bullfrogs
  A wyvern zombie (D:6)
  4 killer bees (D:9)
  2 jellies
  A bullfrog skeleton (D:5)
  3 hounds (D:5)
  An orc priest (D:6)
  Terence (D:2)
  An iguana (D:7)
  5 orc wizards
  A howler monkey skeleton (D:4)
  12 adders
  A white imp (D:6)
  An ufetubus (D:5)
  7 dart slugs
  29 orcs
  14 ball pythons
  10 endoplasms
  4 giant cockroaches
  10 goblins
  10 hobgoblins
  6 jackals (D:4)
  3 quokkas
  3 bats (D:1)
  11 frilled lizards
  2 giant cockroach zombies (D:3)
  21 kobolds
  16 rats
210 creatures vanquished.

Vanquished Creatures (collateral kills)
  Sigmund (D:2)
  A yak (D:9)
  An orc warrior (D:9)
  An ogre (D:4)
  An ice beast (D:5)
  A black bear (D:6)
  A necrophage (D:5)
  A kobold brigand (D:8)
  A water moccasin zombie (D:6)
  A water moccasin skeleton (D:7)
  A killer bee (D:9)
  2 bullfrog skeletons (D:6)
  A centaur skeleton (D:6)
  An iguana (D:5)
  An orc wizard (D:9)
  A hound skeleton (D:4)
  A howler monkey zombie (D:8)
  Robin (D:4)
  3 gnolls (D:4)
  A howler monkey skeleton (D:7)
  An adder (D:4)
  An adder skeleton (D:4)
  A worm (D:4)
  6 orcs
  2 goblins (D:4)
  6 hobgoblins
  2 jackals (D:4)
  2 kobolds (D:8)
44 creatures vanquished.

Vanquished Creatures (others)
  A hornet zombie (D:9)
  A mummy (D:9)
  A centaur zombie (D:6)
  A water moccasin zombie (D:9)
  A bullfrog zombie (D:8)
  A dart slug zombie (D:4)
  A giant cockroach zombie (D:4)
  2 hobgoblin zombies (D:4)
  A jackal zombie (D:4)
  A killer bee zombie (D:9)
  2 kobold zombies (D:9)
  6 orc zombies
  A quokka zombie (D:4)
  A rat zombie (D:4)
  A yak zombie (D:9)
  13 plants
35 creatures vanquished.

Grand Total: 289 creatures vanquished

Notes
Turn   | Place    | Note
-------+----------+-------------------------------------------
     0 | D:1      | bilbop the Djinni Air Elementalist began the quest for the
                  | Orb.
     0 | D:1      | Reached XP level 1. HP: 15/15 MP: 0/0
   377 | D:1      | Found a faded altar of an unknown god.
   396 | D:1      | Reached XP level 2. HP: 18/22 MP: 0/0
   626 | D:1      | Reached skill level 3 in Spellcasting
  1190 | D:1      | Reached XP level 3. HP: 25/26 MP: 0/0
  1190 | D:1      | Learned a level 1 spell: Sting
  1241 | D:1      | Reached skill level 1 in Fighting
  1466 | D:2      | Reached skill level 1 in Long Blades
  1833 | D:2      | Reached XP level 4. HP: 31/32 MP: 0/0
  1962 | D:2      | Noticed Sigmund
  2335 | D:3      | Found a basalt altar of Yredelemnul.
  2343 | D:3      | Became a worshipper of Yredelemnul the Dark
  3130 | D:3      | Reached XP level 5. HP: 38/38 MP: 0/0
  3130 | D:3      | Learned a level 2 spell: Call Imp
  3370 | D:2      | Noticed Terence
  3375 | D:2      | Killed Terence
  3710 | D:2      | Killed Sigmund
  3711 | D:2      | Reached skill level 4 in Spellcasting
  3711 | D:2      | Reached skill level 1 in Invocations
  3711 | D:2      | Reached XP level 6. HP: 32/43 MP: 0/0
  3885 | D:2      | Found Wuguxemn's Antique Weapon Boutique.
  4462 | D:4      | Reached * piety under Yredelemnul
  4704 | D:4      | Found a glowing drain.
  4708 | Sewer    | Entered a sewer
  5478 | D:4      | Reached ** piety under Yredelemnul
  5731 | D:2      | Bought a glowing long sword for 201 gold pieces
  6130 | D:4      | Found Ysodaucs's Jewellery Emporium.
  6130 | D:4      | Found Luenloc's Weapon Emporium.
  6132 | D:4      | Found Odaemu Iroff's Antique Weapon Emporium.
  6132 | D:4      | Found Jeag's General Store.
  6329 | D:4      | Noticed DemonSlayer's ghost (amateur HuBe)
  6330 | D:4      | Found a transporter.
  6399 | D:4      | Noticed Robin
  6415 | D:4      | Killed Robin
  7016 | D:5      | Entered Level 5 of the Dungeon
  7094 | D:5      | Identified the +6 mace "Lotsir" {vorpal, rF+}
  7147 | D:5      | Noticed an ice beast
  7212 | D:5      | Killed an ice beast
  7213 | D:5      | Reached XP level 7. HP: 32/49 MP: 0/0
  7213 | D:5      | Learned a level 2 spell: Corpse Rot
  7950 | D:5      | Identified the +10 dagger of the Jolly Xeniums {vorpal, Fly
                  | rPois rC+ SInv}
  8144 | D:5      | Found a transporter.
  8146 | D:5      | Noticed bande's ghost (novice GrFi)
  8149 | D:5      | Found a transporter.
  8170 | D:5      | Reached *** piety under Yredelemnul
  8273 | D:5      | Found a staircase to the Ecumenical Temple.
  8605 | D:5      | Reached skill level 5 in Spellcasting
  8805 | D:5      | Reached XP level 8. HP: 54/56 MP: 0/0
  8995 | D:6      | Found an iron altar of Okawaru.
  9506 | D:6      | Found an ornate altar of the Wu Jian Council.
  9506 | D:6      | Found a burning altar of Makhleb.
  9507 | D:6      | Found a blossoming altar of Fedhas.
  9774 | D:6      | Reached skill level 6 in Spellcasting
 10430 | D:7      | Reached XP level 9. HP: 61/63 MP: 0/0
 10430 | D:7      | Learned a level 3 spell: Frozen Ramparts
 11300 | D:8      | Reached skill level 5 in Fighting
 11717 | D:8      | Reached skill level 5 in Stealth
 11729 | D:8      | Noticed Pikel
 11736 | D:8      | Killed Pikel
 11737 | D:8      | Reached skill level 7 in Spellcasting
 11737 | D:8      | Reached skill level 5 in Invocations
 12001 | D:8      | Reached **** piety under Yredelemnul
 12221 | D:8      | Noticed a hornet
 12224 | D:8      | Killed a hornet
 12225 | D:8      | Reached XP level 10. HP: 51/70 MP: 0/0
 12336 | D:9      | Reached skill level 5 in Long Blades
 12393 | D:9      | Identified the +1 leather armour of Vicu {rElec Stlth+}
 12411 | D:9      | Received a gift from Yredelemnul (a mummy)
 12981 | D:9      | Received a gift from Yredelemnul (a mummy)
 13105 | D:9      | Found a staircase to the Orcish Mines.
 13357 | D:9      | Reached skill level 1 in Shields
 13554 | D:9      | Reached skill level 8 in Spellcasting
 14074 | D:9      | Found an opulent altar of Gozag.
 14074 | D:9      | Found a sacrificial altar of Ru.
 14081 | D:9      | Found a sparkling altar of Nemelex Xobeh.
 14083 | D:9      | Found a snail-covered altar of Cheibriados.
 14127 | D:10     | Entered Level 10 of the Dungeon
 14136 | D:10     | HP: 1/72 [acid dragon/splash of acid (7)]
 14136 | D:10     | Splashed by an acid dragon's acid

Illustrated notes

Levels and vault maps discovered:
D:1:      nzn_arrival_settlement, layout_basic, shapermc_ecumenical_altar_gd,
          minmay_crystal_water
D:2:      layout_rooms, serial_forest, infiniplex_forest_lined_4_way,
          infiniplex_forest_corner_2, infiniplex_forest_side_room,
          infiniplex_forest_straight_2, infiniplex_forest_zigzag_2,
          infiniplex_forest_straight_4, infiniplex_forest_clump_long,
          infiniplex_forest_lined_corner, infiniplex_forest_split, serial_shops,
          shop, uniq_sigmund, uniq_terence
D:3:      layout_basic, lemuel_zombie_altar_yredelemnul,
          kennysheep_generic_room_6
D:4:      layout_loops_ring, old_standard_altar, gammafunk_ghost_smash,
          serial_glass, glass_columns_a, glass_columns_a, glass_columns_b,
          glass_columns_b, glass_columns_a, gup_sewer_entry_bowl,
          grunt_ministairs_8, minmay_shop_grid_forest, uniq_robin
D:5:      layout_basic, minmay_temple_entry_wispy, gammafunk_ghost_arena
D:6:      layout_basic, nicolae_overflow_crystal_walls,
          gammafunk_temple_overflow_claw
D:7:      layout_basic
D:8:      layout_loops_ring, uniq_pikel
D:9:      corexii_shack_village, layout_basic,
          chequers_temple_overflow_minitemple, orc_0_dummy
D:10:     layout_big_octagon, old_standard_altar, serial_gnoll_camp,
          gnoll_camp_mini_shop, gnoll_camp_mini_hut, gnoll_camp_huts_basic,
          gnoll_camp_mini_doghouse, abandoned_shop,
          kennysheep_opposing_triangles

Skill      XL: |  1  2  3  4  5  6  7  8  9 10 |
---------------+-------------------------------+-----
Spellcasting   | 3 4 5 6 7 8 |  8.0
Fighting       | 1 2 3 4 5 6 |  6.1
Stealth        | 2 3 4 5 |  5.9
Long Blades    | 1 2 3 4 5 |  5.5
Invocations    | 1 2 3 5 |  5.8
Shields        | 1 |  1.6
Dodging        | |  2.1

Action                   |  1- 3 |  4- 6 |  7- 9 | 10-12 || total
-------------------------+-------+-------+-------+-------++-------
Melee: Dagger            |       |    34 |    40 |     3 ||    77
 Cast: Shock             |    71 |   152 |    65 |    12 ||   300
       Sting             |     3 |     2 |     3 |       ||     8
       Call Imp          |       |    27 |     8 |     9 ||    44
       Static Discharge  |       |     8 |     4 |     7 ||    19
       Airstrike         |       |       |    44 |    37 ||    81
       Lightning Bolt    |       |       |       |     5 ||     5
       Frozen Ramparts   |       |       |       |     1 ||     1
Invok: Animate Remains   |       |    23 |     7 |       ||    30
       Animate Dead      |       |       |    13 |     9 ||    22
  Use: Scroll            |       |       |     7 |       ||     7
 Stab: Sleeping          |       |     5 |     8 |     2 ||    15
       Distracted        |       |     1 |       |       ||     1
Armor: Leather armour    |       |    12 |    19 |     8 ||    39
       Steam dragon scal |       |       |     1 |       ||     1
Dodge: Dodged            |     7 |    43 |    41 |    18 ||   109

Table legend: (Time is in decaauts)
 A = Elapsed time spent in this place.
 B = Non-inter-level travel time spent in this place.
 C = Inter-level travel time spent in this place.
 D = Time resting spent in this place.
 E = Time spent auto-exploring this place.
 F = Levels seen in this place.
 G = Mean time per level.
                   A        B        C        D        E       F      G
               +--------+--------+--------+--------+--------+-----+--------+
         Total |  14129 |  13638 |    491 |   5445 |   6663 |  11 | 1284.5 |
       Dungeon |  13523 |  13032 |    491 |   5266 |   6362 |  10 | 1352.3 |
         Sewer |    605 |    605 |      0 |    179 |    301 |   1 |  605.0 |
               +--------+--------+--------+--------+--------+-----+--------+

Top non-repeatable levels by time:
     D:4: 1866 daAuts
     D:5: 1818 daAuts
     D:2: 1563 daAuts
     D:1: 1555 daAuts
     D:9: 1549 daAuts
     D:6: 1519 daAuts
     D:8: 1498 daAuts
     D:3: 1426 daAuts
     D:7: 717 daAuts
   Sewer: 605 daAuts
    D:10: 8 daAuts
